 Dungeon Crawl Stone Soup version 0.23.2-1-ga50397a6bc (webtiles) character file.

Game seed: 11347633217982400433

210 Oninnaise the Skirmisher (level 5, -2/43 HPs)
             Began as a Demonspawn Fighter on Apr 15, 2019.
             Killed by divine providence
             ... invoked by an orc priest
              (14 damage)
             ... on level 4 of the Dungeon.
             The game lasted 00:07:14 (3064 turns).

Oninnaise the Skirmisher (Demonspawn Fighter)       Turns: 3064, Time: 00:07:15

Health: -2/43      AC: 13    Str: 16 (17) XL:     5   Next: 57%
Magic:  5/5        EV:  4    Int: 12 (14) God:
Gold:   234        SH:  9    Dex: 11 (12) Spells: 4/4 levels left

rFire    . . .     SeeInvis .   a - +2 flail
rCold    + . .     Gourm    +   c - +0 shield
rNeg     . . .     Faith    .   e - +3 chain mail {rC+}
rPois    .         Spirit   .   (no helmet)
rElec    .         Reflect  .   (no cloak)
rCorr    .         Harm     .   (no gloves)
MR       +....                  (no boots)
Stlth    ..........             m - amulet of the gourmand
HPRegen  0.14/turn              i - ring of protection from magic
MPRegen  0.09/turn              o - +4 ring of intelligence

@: no status effects
A: rugged brown scales 1, powered by pain 2
a: no special abilities


You were on level 4 of the Dungeon.
You were not hungry.

You visited 1 branch of the dungeon, and saw 4 of its levels.

You collected 234 gold pieces.

Inventory:

Hand Weapons
 a - a +2 flail (weapon)
Armour
 c - a +0 shield (worn)
 e - a +3 chain mail of cold resistance (worn)
Jewellery
 i - a ring of protection from magic (left hand)
 m - an amulet of the gourmand (around neck)
 o - a +4 ring of intelligence (right hand)
 p - an uncursed ring of wizardry {unknown}
Scrolls
 g - a scroll of teleportation
 j - a scroll of fear
 k - 2 scrolls of amnesia
 n - a scroll of blinking
 q - a scroll of remove curse
Potions
 b - a potion of brilliance
 d - a potion of might
 h - 3 potions of curing
 l - 2 potions of heal wounds {unknown}
 r - 2 potions of resistance {unknown}
Comestibles
 f - 6 rations


   Skills:
 * Level 4.0 Fighting
 + Level 3.1 Maces & Flails
 * Level 3.4 Armour
 + Level 1.0 Dodging
 + Level 3.6 Shields


You had 4 spell levels left.
You didn't know any spells.
Your spell library contained the following spells:

 Spells                   Type           Power        Failure   Level  Hunger
 Confusing Touch          Hex            #.....       100%        1    ##.....
 Confuse                  Hex            #.......     100%        3    ####...
 Gell's Gravitas          Tloc           #.........   100%        3    ####...
 Petrify                  Tmut/Erth      #.......     100%        4    #####..
 Metabolic Englaciation   Hex/Ice        #.........   100%        5    ######.
 Yara's Violent Unravell  Hex/Tmut       #.........   100%        5    ######.


Dungeon Overview and Level Annotations

Branches:
Dungeon (4/15)
 Temple: D:4-7

Altars:
Dithmenos
Elyvilon
Fedhas
Okawaru
The Shining One


Innate Abilities, Weirdness & Mutations

You are partially covered in rugged brown scales. (AC +1, +3% HP)
You sometimes gain power by taking damage.


Message History

You are too injured to fight recklessly!
You are too injured to fight recklessly!
You are too injured to fight recklessly!
You are too injured to fight recklessly!
You are too injured to fight recklessly!
You are too injured to fight recklessly!
You are too injured to fight recklessly!
You are too injured to fight recklessly!
You are too injured to fight recklessly!
You are too injured to fight recklessly!
You are too injured to fight recklessly!
You are too injured to fight recklessly!
You are too injured to fight recklessly!
A giant cockroach comes into view.
The adder bites you.
* * * LOW HITPOINT WARNING * * *
Unknown command.
The orc priest invokes the aid of Beogh against you.
Beogh smites you!
You die...

#..o.# #?..[#
#.oo.# # #....# .#
### #..o.+ ..
.....##..%#.#
#........#
#####S#### #@# #.#
#.# ########## #.#
#........#######.#
#........+.......#
#..§§§...##.######
####§######.#
##§§.## #.#


You could see an orc priest, an adder and 2 orcs.

Vanquished Creatures
  Crazy Yiuf (D:3)
  An orc wizard (D:3)
  A worker ant (D:2)
  A gnoll (D:1)
  An adder (D:2)
  3 worms
  4 dart slugs
  3 leopard geckos
  5 orcs (D:3)
  6 giant cockroaches
  6 goblins
  10 hobgoblins
  3 jackals (D:3)
  2 quokkas
  2 ball pythons (D:3)
  20 bats
  4 frilled lizards
  12 kobolds
  7 rats
92 creatures vanquished.

Notes
Turn   | Place    | Note
-------+----------+-------------------------------------------
     0 | D:1      | Oninnaise the Demonspawn Fighter began the quest for the
                  | Orb.
     0 | D:1      | Reached XP level 1. HP: 18/18 MP: 1/1
    91 | D:1      | Gained mutation: You sometimes gain a little power by
                  | taking damage. [demonic ancestry]
    91 | D:1      | Reached XP level 2. HP: 22/24 MP: 2/2
   861 | D:1      | Reached XP level 3. HP: 29/29 MP: 3/3
  1377 | D:2      | Gained mutation: You are partially covered in rugged brown
                  | scales. (AC +1, +3% HP) [demonic ancestry]
  1377 | D:2      | Reached XP level 4. HP: 26/36 MP: 4/4
  1931 | D:3      | Found a white marble altar of Elyvilon.
  1932 | D:3      | Found an iron altar of Okawaru.
  1933 | D:3      | Found a glowing golden altar of the Shining One.
  1936 | D:3      | Found a blossoming altar of Fedhas.
  1995 | D:3      | Reached skill level 1 in Dodging
  1995 | D:3      | Gained mutation: You sometimes gain power by taking damage.
                  | [demonic ancestry]
  1995 | D:3      | Reached XP level 5. HP: 24/43 MP: 5/5
  2341 | D:3      | Found a runed translucent door.
  2342 | D:3      | Noticed Crazy Yiuf
  2545 | D:3      | Killed Crazy Yiuf
  2706 | D:3      | Reached skill level 4 in Fighting
  2758 | D:3      | Found a faded altar of an unknown god.
  3006 | D:4      | Found a shadowy altar of Dithmenos.
  3064 | D:4      | Killed from afar by an orc priest

Skill      XL: |  1  2  3  4  5 |
---------------+----------------+-----
Maces & Flails | 2 3 |  3.1
Shields        | 3 |  3.6
Armour         | 3 |  3.4
Dodging        | 1 |  1.0
Fighting       | 4 |  4.0

Action                   |  1- 3 |  4- 6 || total
-------------------------+-------+-------++-------
Melee: Flail             |   145 |   199 ||   344
  Use: Scroll            |     8 |     6 ||    14
       Potion            |     2 |     4 ||     6
  Eat: Ration            |     1 |     2 ||     3
Armor: Scale mail        |    76 |    16 ||    92
       Chain mail        |       |   184 ||   184
Dodge: Dodged            |    52 |    92 ||   144
Block: Shield            |    76 |   154 ||   230
